 Dungeon Crawl Stone Soup version 0.29-a0-550-g81e455f4c2 (webtiles) character file.

Game seed: 7245748807756551975

230 BearFiend the Changer (level 5, -3/46 HPs)
             Began as a Draconian Transmuter on June 5, 2022.
             Slain by Grinder (4 damage)
             ... while paralysed by Grinder
             ... on level 3 of the Dungeon.
             The game lasted 00:15:40 (2467 turns).

BearFiend the Changer (Draconian Transmuter)        Turns: 2467, Time: 00:15:41

Health: -3/46      AC:  6    Str: 12    XL:     5   Next: 72%
Magic:  8/8        EV:  2    Int: 15    God:
Gold:   10         SH:  0    Dex: 12    Spells: 5/8 levels left

rFire   . . .      SeeInvis .     - Unarmed
rCold   . . .      Faith    .   (no shield)
rNeg    . . .      Spirit   .   (body armour unavailable)
rPois   .          Reflect  .   (helmet currently unavailable)
rElec   .          Harm     .   e - +0 cloak
rCorr   .          Rampage  .   (no gloves)
Will    .....                   (boots currently unavailable)
Stlth   +.........              (no amulet)
HPRegen 0.15/turn               (no ring)
MPRegen 0.11/turn               (no ring)

@: paralysed, appendages (expiring)
A: horns 2, talons 2, AC +5, unfitting armour, cold-blooded
a: End Transformation


You were on level 3 of the Dungeon.
You had temporarily grown beastly horns and talons.
You visited 1 branch of the dungeon, and saw 3 of its levels.

You collected 170 gold pieces.
You spent 160 gold pieces at shops.

Inventory:

Missiles
 h - 5 poisoned darts
Armour
 e - a +0 cloak (worn)
Scrolls
 b - 3 scrolls of identify {unknown}
 c - 2 scrolls of teleportation
Potions
 a - a potion of lignification
 d - 2 potions of heal wounds
 g - a potion of attraction {unknown}
 i - a potion of degeneration {unknown}
 j - a potion of curing {@q1}
 k - a potion of flight


   Skills:
 * Level 4.0 Fighting
 - Level 1.7 Dodging
 - Level 3.0 Unarmed Combat
 - Level 2.0 Spellcasting
 * Level 4.0 Transmutations
 + Level 2.2 Ice Magic


You had 5 spell levels left.
You knew the following spells:

 Your Spells              Type           Power      Damage    Failure   Level
a - Beastly Appendage     Tmut           26%        N/A       4%          1
w - Wereblood             Tmut           13%        N/A       6%          2

Your spell library contained the following spells:

 Spells                   Type           Power      Damage    Failure   Level
 Spider Form              Tmut/Pois      7%         N/A       28%         3
 Ice Form                 Ice/Tmut       10%        N/A       52%         4


Dungeon Overview and Level Annotations

Branches:
Dungeon (3/15)

Altars:

Shops:
D:1 !   D:3 [[=!*

Annotations:
D:3 Grinder, Terence


Innate Abilities, Weirdness & Mutations

You have temporarily grown beastly horns and talons.
Your plain brown scales are hard. (AC +5)
You cannot fit into any form of body armour.
You are cold-blooded and may be slowed by cold attacks.


Message History

Grinder is heavily wounded.
You hit Grinder.
Grinder is heavily wounded.
Grinder hits you.
You writhe in agony.
You hit Grinder but do no damage. You claw Grinder, but do no damage.
You tail-slap Grinder, but do no damage.
Grinder is heavily wounded.
Grinder barely misses you.
You hit Grinder. Your kick misses Grinder.
Grinder is severely wounded.
Your transformation is almost over.
Grinder hits you but does no damage.
You hit Grinder. You claw Grinder, but do no damage.
Grinder is severely wounded.
Grinder closely misses you.
You hit Grinder. You claw Grinder, but do no damage.
Grinder is severely wounded.
Grinder barely misses you.
You closely miss Grinder. Your kick misses Grinder.
Grinder is severely wounded.
Grinder gestures at you.
You suddenly lose the ability to move!
Grinder hits you!
* * * LOW HITPOINT WARNING * * *
You writhe in agony.
* * * LOW HITPOINT WARNING * * *
Grinder hits you.
* * * LOW HITPOINT WARNING * * *
You writhe in agony.
* * * LOW HITPOINT WARNING * * *
Grinder hits you.
* * * LOW HITPOINT WARNING * * *
You writhe in agony.
* * * LOW HITPOINT WARNING * * *
Grinder hits you.
* * * LOW HITPOINT WARNING * * *
You writhe in agony.
* * * LOW HITPOINT WARNING * * *
Grinder hits you.
You die...

#..........#
.............##......##..#
.............##......##...
.............##........∩..
........................##
.........#......##..##..##
...............##..##...#
#####........(.......#...#
#......(5@...........#...#
#.......##...........#....
#.......#####.............
#.......# #...............
#.......# #...##..........
#........ #...............
......... #...............
..........#...........>...
..........#............###


You could see Grinder.

Vanquished Creatures
  2 orc priests (D:2)
  2 scorpion zombies (D:3)
  A hound skeleton (D:3)
  3 adders (D:2)
  An adder skeleton (D:3)
  An adder zombie (D:3)
  3 dart slugs
  5 orcs
  4 ball pythons
  5 bats
  6 endoplasms
  3 giant cockroaches
  6 goblins
  6 hobgoblins
  5 kobolds
  2 quokkas
  2 ball python skeletons (D:3)
  A ball python zombie (D:3)
  4 frilled lizards
  A giant cockroach zombie (D:3)
  3 rats
66 creatures vanquished.

Notes
Turn   | Place    | Note
-------+----------+-------------------------------------------
     0 | D:1      | BearFiend the Draconian Transmuter began the quest for the
                  | Orb.
     0 | D:1      | Reached XP level 1. HP: 16/16 MP: 3/3
   144 | D:1      | Reached XP level 2. HP: 18/23 MP: 1/5
   148 | D:1      | Learned a level 2 spell: Wereblood
   577 | D:1      | Reached XP level 3. HP: 29/29 MP: 4/6
   613 | D:1      | Reached skill level 1 in Ice Magic
   642 | D:1      | Found Dieff's Distillery.
   899 | D:1      | Bought a potion of heal wounds for 65 gold pieces
  1039 | D:2      | Found a faded altar of an unknown god.
  1055 | D:2      | Reached XP level 4. HP: 25/37 MP: 7/7
  1919 | D:2      | Reached XP level 5. HP: 26/45 MP: 8/8
  2177 | D:3      | Found Natoanom's Antique Armour Shop.
  2201 | D:3      | Noticed Terence
  2298 | D:3      | Found Saiheu's Jewellery Shop.
  2325 | D:3      | Found Teih's Distillery.
  2336 | D:3      | Bought a potion of curing for 36 gold pieces
  2336 | D:3      | Bought a potion of flight for 36 gold pieces
  2355 | D:3      | Found Ristetap's Assorted Antiques.
  2371 | D:3      | Bought a scroll labelled SOIKHL QORODU for 23 gold pieces
  2394 | D:3      | Found Pykeceir's Antique Armour Emporium.
  2426 | D:3      | Noticed Grinder
  2462 | D:3      | Paralysed by Grinder for 5 turns
  2466 | D:3      | HP: 1/46 [Grinder (5)]
  2467 | D:3      | Slain by Grinder

Illustrated notes

Levels and vault maps discovered:
D:1:      roderic_octagonal_star, layout_rooms, serial_shops,
          nicolae_shop_behind_doors
D:2:      layout_loops_ring, hellmonk_ecumenical_altar_crossroads
D:3:      layout_basic, mainiacjoe_overflow_catwalk_spiral, serial_shops,
          nicolae_shop_advertising_works [nicolae_subvault_shop_adworks],
          nicolae_square_shop, nicolae_square_shop, shop, nicolae_shop_crystal,
          serial_undead, serial_undead_d, serial_undead_d, serial_undead_a,
          serial_undead_f, serial_undead_d, serial_undead_d, uniq_grinder,
          uniq_terence, uniq_natasha

Skill      XL: |  1  2  3  4  5 |
---------------+----------------+-----
Fighting       | 2 3 4 |  4.0
Ice Magic      | 1 2 |  2.2
Transmutations | 3 4 |  4.0
Dodging        | |  1.7
Unarmed Combat | |  3.0
Spellcasting   | |  2.0

Action                   |  1- 3 |  4- 6 || total
-------------------------+-------+-------++-------
Melee: Unarmed           |    80 |   103 ||   183
       Kick              |    20 |    35 ||    55
       Headbutt          |     8 |    19 ||    27
       Tailslap          |     6 |     9 ||    15
       Punch             |       |     3 ||     3
Throw: Dart              |       |     1 ||     1
       Throwing net      |       |     1 ||     1
 Cast: Beastly Appendage |    22 |    24 ||    46
  Use: Scroll            |       |     1 ||     1
Armor: Skin              |    25 |    26 ||    51
Dodge: Dodged            |    51 |    45 ||    96

Table legend: (Time is in decaauts)
 A = Elapsed time spent in this place.
 B = Non-inter-level travel time spent in this place.
 C = Inter-level travel time spent in this place.
 D = Time resting spent in this place.
 E = Time spent auto-exploring this place.
 F = Levels seen in this place.
 G = Mean time per level.
                   A        B        C        D        E       F      G
               +--------+--------+--------+--------+--------+-----+--------+
         Total |   2463 |   2294 |    169 |    124 |   1687 |   3 |  821.0 |
       Dungeon |   2463 |   2294 |    169 |    124 |   1687 |   3 |  821.0 |
               +--------+--------+--------+--------+--------+-----+--------+

Top non-repeatable levels by time:
     D:2: 1139 daAuts
     D:1: 861 daAuts
     D:3: 463 daAuts
